 Dungeon Crawl Stone Soup version 0.31-a0-1612-g4aaf141004 (webtiles) character file.

Game seed: 2979116614466463592

165 MisterAzrael the Magician (level 5, -2/28 HPs)
             Began as a Deep Elf Earth Elementalist on Jan 10, 2024.
             Slain by an orc
             ... wielding a +0 whip
              (5 damage)
             ... on level 3 of the Dungeon.
             The game lasted 00:03:50 (2191 turns).

MisterAzrael the Magician (DEEE)                    Turns: 2191, Time: 00:03:50

Health: -2/28      AC:  3    Str:  5    XL:     5   Next: 21%
Magic:  11/13      EV: 12    Int: 22    God:
Gold:   115        SH:  0    Dex: 15    Spells: 8/12 levels left

rFire   . . .        (no weapon)
rCold   . . .        (no shield)
rNeg    . . .        a - +0 robe
rPois   .            j - +0 helmet
rElec   .            (no cloak)
rCorr   .            (no gloves)
SInv    .            (no boots)
Will    +....        (no amulet)
Stlth   ++           n - ring of willpower
HPRegen 0.24/turn    (no ring)
MPRegen 0.13/turn

%: no passive effects
@: no status effects
A: no striking features
a: no special abilities


You were on level 3 of the Dungeon.
You visited 1 branch of the dungeon, and saw 3 of its levels.

You collected 115 gold pieces.

Inventory:

Armour
 a - a +0 robe (worn)
 j - a +0 helmet (worn)
Jewellery
 n - a ring of willpower (left hand)
Wands
 o - a wand of flame (14)
Scrolls
 c - a scroll of identify
 d - a scroll of brand weapon {unknown}
 f - a scroll of enchant weapon {unknown}
 g - a scroll of noise {unknown}
 h - a scroll of blinking {unknown}
 k - a scroll of revelation {unknown}
Potions
 b - a potion of magic
 e - a potion of enlightenment
 i - a potion of mutation {unknown}
 l - a potion of attraction {unknown}
 m - a potion of lignification {unknown}


   Skills:
 - Level 2.4 Dodging
 - Level 2.4 Stealth
 + Level 4.4 Spellcasting
 * Level 4.0 Conjurations
 + Level 4.3 Earth Magic


You had 8 spell levels left.
You knew the following spells:

 Your Spells              Type           Power      Damage    Failure   Level
a - Sandblast             Erth           46%        2d11      1%          1
b - Stone Arrow           Conj/Erth      46%        3d9       6%          3

Your spell library contained the following spells:

 Spells                   Type           Power      Damage    Failure   Level
 Passwall                 Erth           23%        N/A       5%          3
 Summon Small Mammal      Summ           16%        N/A       11%         1
 Brom's Barrelling Bould  Conj/Erth      23%        2d4       19%         4
 Call Canine Familiar     Summ           4%         N/A       32%         3
 Petrify                  Alch/Erth      14%        N/A       41%         4
 Summon Blazeheart Golem  Fire/Summ      4%         N/A       71%         4
 Chain Lightning          Conj/Air       6%         3d8       100%        9
 Fire Storm               Conj/Fire      6%         8d2       100%        9
 Shatter                  Erth           11%        3d12*     100%        9


Dungeon Overview and Level Annotations

Branches:
Dungeon (3/15)

Altars:


Message History

The orc is heavily wounded.
The orc misses you. The orc closely misses you.
Aiming: Sandblast (safe; 1% risk of failure)
Press: ? - help, Q - select action, (/) - cycle Shift-Dir - straight line, f/p - orc
Aim: an orc, wielding a +0 whip and wearing a +0 scale mail (heavily wounded, 85% to hit)
The blast of sand misses the orc.
The orc hits you with a +0 whip.
Aiming: Sandblast (safe; 1% risk of failure)
Press: ? - help, Q - select action, (/) - cycle Shift-Dir - straight line, f/p - orc
Aim: an orc, wielding a +0 whip and wearing a +0 scale mail (heavily wounded, 85% to hit)
The blast of sand hits the orc but does no damage.
The orc is heavily wounded.
The orc hits you with a +0 whip. The orc barely misses you.
Aiming: Sandblast (safe; 1% risk of failure)
Press: ? - help, Q - select action, (/) - cycle Shift-Dir - straight line, f/p - orc
Aim: an orc, wielding a +0 whip and wearing a +0 scale mail (heavily wounded, 85% to hit)
The blast of sand misses the orc.
The orc hits you with a +0 whip.
* * * LOW HITPOINT WARNING * * *
Casting: Sandblast (safe; 1% risk of failure)
Confirm with . or Enter, or press ? or * to list all spells.
You don't know that spell.
Unknown command.
The orc attacks as it pursues you! The orc barely misses you.
The orc attacks as it pursues you! The orc closely misses you.
The orc hits you but does no damage.
As you read the scroll labelled NOPTETS GOUTHELL, it crumbles to dust.
It is a scroll of identify.
e - a potion of enlightenment The orc hits you but does no damage.
Okay, then.
Magic courses through your body. The orc hits you with a +0 whip.
* * * LOW HITPOINT WARNING * * *
Casting: Sandblast (safe; 1% risk of failure)
Confirm with . or Enter, or press ? or * to list all spells.
Aiming: Stone Arrow (quite dangerous; 6% risk of failure)
Press: ? - help, Shift-Dir - straight line, f/p - orc
Aim: an orc, wielding a +0 whip and wearing a +0 scale mail (heavily wounded, 75% to hit)
The stone arrow misses the orc.
The orc hits you with a +0 whip.
You die...

......................#....
..........#.....#.....#...^
.............>.............
...###.#.#.†...#..........
......(..................##
#########.#.#.#.#.....#.#..
#.................#.#
#.#o###############.#
#.#.@....... .#
#.#..######. #.#..# #.#..#
#.#### #.. ###


You could see an orc.

Vanquished Creatures
  Natasha (thrice) (D:2)
  Robin (D:2)
  3 adders
  A ribbon worm (D:2)
  A dart slug (D:2)
  4 endoplasms
  2 giant cockroaches (D:1)
  8 goblins
  2 hobgoblins (D:1)
  6 jackals (D:2)
  3 kobolds
  2 ball pythons
  6 bats
  2 frilled lizards
  6 rats
50 creatures vanquished.

Notes
Turn   | Place    | Note
-------+----------+-------------------------------------------
     0 | D:1      | MisterAzrael the Deep Elf Earth Elementalist began the
                  | quest for the Orb.
     0 | D:1      | Reached XP level 1. HP: 10/10 MP: 6/6
   280 | D:1      | Found a faded altar of an unknown god.
   287 | D:1      | Reached XP level 2. HP: 13/15 MP: 0/8
   703 | D:2      | Noticed Natasha
   709 | D:2      | Killed Natasha
   710 | D:2      | Reached XP level 3. HP: 11/19 MP: 5/10
   790 | D:2      | Learned a level 3 spell: Stone Arrow
   837 | D:2      | Noticed Robin
   978 | D:2      | Killed Robin
   979 | D:2      | Reached XP level 4. HP: 24/24 MP: 6/11
  1438 | D:2      | Noticed Natasha
  1500 | D:2      | Killed Natasha
  1960 | D:2      | Noticed Natasha
  1964 | D:2      | Killed Natasha
  1965 | D:2      | Reached XP level 5. HP: 25/28 MP: 7/13
  2191 | D:3      | Slain by an orc

Illustrated notes

Levels and vault maps discovered:
D:1:      roderic_dead_forest, layout_rooms, ebering_ecumenical_altar_abandoned,
          minmay_stone_trees_medium, minmay_tree_intersection
D:2:      layout_basic, serial_curves, eino_curves_01, eino_curves_02,
          eino_curves_02, uniq_natasha, uniq_robin
D:3:      layout_basic, st_stairs_2, minmay_close_crescents,
          uniq_crazy_yiuf_cottage

Skill      XL: |  1  2  3  4  5 |
---------------+----------------+-----
Conjurations   | 2 3 4 |  4.0
Earth Magic    | 4 |  4.3
Spellcasting   | 4 |  4.4
Dodging        | |  2.4
Stealth        | |  2.4

Action                     |  1- 3 |  4- 6 || total
---------------------------+-------+-------++-------
  Melee: Unarmed           |     1 |       ||     1
   Cast: Sandblast         |    39 |    38 ||    77
         Stone Arrow       |     1 |     6 ||     7
    Use: Scroll            |       |     1 ||     1
         Potion            |       |     1 ||     1
 Armour: Robe              |    15 |    31 ||    46
  Dodge: Dodged            |    22 |    27 ||    49

Table legend: (Time is in decaauts)
 A = Elapsed time spent in this place.
 B = Non-inter-level travel time spent in this place.
 C = Inter-level travel time spent in this place.
 D = Time resting spent in this place.
 E = Time spent auto-exploring this place.
 F = Levels seen in this place.
 G = Mean time per level.
                   A        B        C        D        E       F      G
               +--------+--------+--------+--------+--------+-----+--------+
         Total |   2234 |   2190 |     44 |    497 |   1330 |   3 |  744.7 |
       Dungeon |   2234 |   2190 |     44 |    497 |   1330 |   3 |  744.7 |
               +--------+--------+--------+--------+--------+-----+--------+

Top non-repeatable levels by time:
     D:2: 1320 daAuts
     D:1: 637 daAuts
     D:3: 276 daAuts
